AoeStats
← Johnifon

Arabia

506417065Analyzed
1v1 RM · 18d ago on Sep 13, 2026· 23m 0s· 2 players
Game mode
Random Map
Map size
Tiny (2 player)
Population
200
Speed
Normal
Resources
Standard
Victory
Conquest
Starting age
Dark Age
Ending age
Imperial Age
RankedLock teamsTeams togetherTeam positionsShared explorationLock speedFull tech treeHidden civsTurbo modeCheats
Victory
Defeat
🇬🇧 Sicilians · United Kingdom
1147
+14
🇩🇪 Berbers · Germany
1112
-14
EazySwayzee
5:54 Loom
10:27 Feudal Age
12:55 Double-Bit Axe
12:53 Horse Collar
15:58 Bloodlines
18:23 Scale Barding Armor
18:29 Forging
23:03 Castle Age
Johnifon
7:03 Loom
10:03 Feudal Age
10:57 Double-Bit Axe
11:17 Horse Collar
18:30 Scale Mail Armor
22:17 Castle Age
20:49 Arson
22:27 Fletching
Connection lost

Rejoining the realm…

Still unreachable

The connection could not be restored.

Session expired

The server has moved on; the page needs a fresh start.